[Event "Late-Titled-Tuesday-Blitz-February-20-2024"]
[Site "Chess.com"]
[Date "2024.02.20"]
[Round "11"]
[White "Hikaru"]
[Black "TenisMaster"]
[Result "1-0"]
[WhiteElo "3240"]
[BlackElo "2993"]
[TimeControl "180+1"]
[EndTime "16:05:38 PST"]
[Termination "Hikaru won on time"]

1. Nf3 d5 2. g3 c6 3. Bg2 Bg4 4. O-O e6 5. d3 Bd6 6. Nbd2 Ne7 7. h3 Bh5 8. g4 Bg6 9. Nh4 Nd7 10. e3 Ng8 11.
Nxg6 hxg6 12. f4 Ne7 13. c4 a6 14. b3 Qb6 15. d4 Qa5 16. Qc2 Ba3 17. b4 Bxb4 18.
Rb1 Bxd2 19. Bxd2 Qc7 20. Rb3 O-O 21. Bb4 Nf6 22. g5 Nh5 23. Kh2 Rfe8 24. Bxe7 Rxe7 25. c5 Rb8 26. Rfb1 Nxf4 27. exf4 Qxf4+ 28. Kh1 Qxd4 29. Qc3 Qf4 30. Qe3 Qxe3 31. Rxe3 e5 32. h4 f5 33. Bf1 Rd8 34. Rd1 e4 35. Rd4 Kf7 36. Kg2 Ke6 37. Rb3 Ke5 38. Rdb4 Rdd7 39. Rh3 d4 40. h5 gxh5 41. Rxh5 d3 42. Rh1 f4 43. Kf2 Rd5 44. g6 Kf6 45. Bg2 d2 46.
Rd1 f3 47. Bf1 Red7 48. Rxe4 Rxc5 49. Kxf3 Rc1 50. Be2 Kxg6 51. Ke3 Rc3+ 52. Kf2 Rc1 53. Rb4 b5 54. Rb3 c5 55. Rd3 Rxd1 56. Rxd7 Ra1 57. Rxd2 c4 58. Rd6+ Kf5 59. Rxa6 Ke5 60. Ke3 g5 61.
Ra5 Kd6 62. Kd4 1-0

[Event "Late-Titled-Tuesday-Blitz-February-20-2024"]
[Site "Chess.com"]
[Date "2024.02.20"]
[Round "11"]
[White "Slovineanu"]
[Black "gahryman"]
[Result "0-1"]
[WhiteElo "2464"]
[BlackElo "2688"]
[TimeControl "180+1"]
[EndTime "16:05:38 PST"]
[Termination "gahryman won by resignation"]

1. d4 Nf6 2. Nf3 d5 3. c4 e6 4.
e3 Nbd7 5. b3 b6 6. Bd3 Bb7 7. O-O Bd6 8. Bb2 O-O 9. Nc3 Ne4 10.
Rc1 a6 11. Ne2 Qf6 12. Nf4 Bxf4 13. exf4 Qxf4 14. cxd5 exd5 15. Ne5 Nxe5 16. dxe5 Nc5 17. g3 Qh6 18. Bf5 d4 19. Qxd4 Rad8 20. Qg4 Ne6 21. Rc2 c5 22. Bc1 g5 23. Bxe6 Qxe6 24. Qxg5+ Kh8 25. Qf6+ Qxf6 26. exf6 Rfe8 27. Rd2 Bf3 28.
Rxd8 Rxd8 29. Bf4 b5 30. h3 h5 31. Kh2 Rd3 32. g4 h4 33. Re1 Kh7 34. Re3 Rxe3 35. Bxe3 c4 36. bxc4 bxc4 37. Kg1 Kg6 38. g5 c3 39. Kf1 c2 40. Ke1 Bg2 41. f4 Bxh3 42. Kd2 Bf5 43. Bf2 h3 44. Bg3 Kh5 45. Bh2 Kg4 46. Kc1 Kf3 0-1

[Event "Late-Titled-Tuesday-Blitz-February-20-2024"]
[Site "Chess.com"]
[Date "2024.02.20"]
[Round "11"]
[White "expii"]
[Black "IraZyne"]
[Result "1-0"]
[WhiteElo "2198"]
[BlackElo "2340"]
[TimeControl "180+1"]
[EndTime "16:05:41 PST"]
[Termination "expii won by resignation"]

1. e4 Nf6 2. e5 Nd5 3. d4 d6 4. c4 Nb6 5. exd6 exd6 6. Nc3 Be7 7. Nf3 Bg4 8. Be2 c6 9. b3 O-O 10. O-O Re8 11. h3 Bh5 12. Bb2 d5 13. c5 Bxf3 14. Bxf3 Nc8 15. b4 Bf6 16. a4 Nd7 17. b5 Nf8 18.
Ne2 Ne6 19. Bc3 Ne7 20. Bg4 Ng6 21. g3 Ng5 22. Bf5 Ne4 23. Bxe4 Rxe4 24. Qd3 Qe7 25.
Rae1 Re8 26. Nc1 Qd7 27. Kg2 h5 28. Rxe4 dxe4 29. Qe3 Qd5 30. Ne2 h4 31. Nf4 Nxf4+ 32. gxf4 g6 33. Kh2 Kg7 34. bxc6 bxc6 35. Rg1 Bd8 36.
f5 Bc7+ 37. Kh1 Qxf5 38. d5+ Be5 39. Bxe5+ Rxe5 40. d6 Rd5 41. Rg4 g5 42. Kg2 Rxc5 43. Rxe4 Rd5 44. Rg4 Kg6 45. Qe8 Rxd6 46. Qg8+ Kf6 47.
Qh8+ Ke7 48. Qb8 Qd5+ 49. Kh2 Qe5+ 50. Kg2 Rd5 51. Qxa7+ Kf6 52. Qe3 Kg6 53. Qxe5 Rxe5 54. Rc4 Ra5 55. Rxc6+ f6 56. Rc4 Kf5 57. Rb4 Ra6 58. Kf3 Ke5 59. Rb5+ Ke6 60. a5 Ra8 61. Ke4 Kf7 62. Kf5 Ra7 63. f4 gxf4 64. Kxf4 Kg6 65. Kg4 Rh7 66. a6 Ra7 67. Ra5 f5+ 68. Kxh4 Kf6 69.
Kg3 Kg6 70. Kf4 Rh7 71. a7 1-0

[Event "Late-Titled-Tuesday-Blitz-February-20-2024"]
[Site "Chess.com"]
[Date "2024.02.20"]
[Round "11"]
[White "pfalcon1949"]
[Black "JaackCamel"]
[Result "0-1"]
[WhiteElo "2007"]
[BlackElo "2179"]
[TimeControl "180+1"]
[EndTime "16:05:41 PST"]
[Termination "JaackCamel won by checkmate"]

1. e4 e6 2. d4 d5 3. Nc3 Bb4 4. e5 Ne7 5. a3 Bxc3+ 6. bxc3 b6 7. Qg4 Ng6 8. h4 h5 9. Qg3 Ba6 10. Bxa6 Nxa6 11. Ne2 Nb8 12. Nf4 Nxf4 13. Bxf4 g6 14.
O-O Nc6 15. Bg5 Qd7 16. Bf6 Rh7 17. Qe3 Na5 18. f3 Nc4 19. Qe2 a5 20. g4 Qc6 21.
a4 Kd7 22. Rfb1 Re8 23. Rb3 Kc8 24. Rb5 Kd7 25. Kh2 Rg8 26. Rb3 Re8 27. g5 Ra8 28.
Qd1 Ne3 29. Qd3 Nf5 30. Kh3 Qc4 31. Rb5 Ra7 32. Qxc4 dxc4 33. Rab1 Ne3 34. Rc1 Nd5 35. Rxd5+ exd5 36. f4 Ke6 37. Rf1 c6 38. Rb1 Rb7 39.
Kg3 b5 40. Kf3 Kd7 41. f5 gxf5 42. Kf4 Ke6 43. Rb2 Rb6 44. Kf3 b4 45. Kf4 Rb7 46. g6 fxg6 47. Kg5 Rhf7 48. Kxg6 f4 49. Kxh5 f3 50. Kg4 bxc3 51. Rxb7 f2 52. Kf3 f1=Q+ 53. Ke3 Rxb7 54. Bg5 Rf7 55. Bf4 Rxf4 56. h5 Qf2# 0-1

[Event "Late-Titled-Tuesday-Blitz-February-20-2024"]
[Site "Chess.com"]
[Date "2024.02.20"]
[Round "11"]
[White "Jospem"]
[Black "Mr_Heisenberg13"]
[Result "1-0"]
[WhiteElo "3079"]
[BlackElo "2875"]
[TimeControl "180+1"]
[EndTime "16:05:45 PST"]
[Termination "Jospem won by resignation"]

1. e4 e5 2. Nf3 Nc6 3. Nc3 Nf6 4.
h3 Bb4 5. a3 Bxc3 6. dxc3 d6 7.
Bd3 h6 8. Qe2 O-O 9. Be3 Nh7 10.
O-O-O f5 11. exf5 Bxf5 12. Bxf5 Rxf5 13. g4 Rf7 14. g5 Nxg5 15. Nxg5 hxg5 16. Rdg1 Qf6 17.
Rxg5 Ne7 18. Rhg1 Nf5 19. Bd2 Raf8 20. Qc4 c6 21. Qg4 d5 22. h4 Nh6 23. Qg3 Kh8 24. Rh5 Kh7 25. Rxe5 Qxf2 26. Qg6+ Kh8 27. Ree1 Qf5 28.
Qg3 Qf3 29. Qe5 Nf5 30. Ref1 Qh3 31. Qe6 Rf6 32. Qe1 Nd6 33. Rxf6 Rxf6 34. b3 Ne4 35. Be3 c5 36. Kb2 Qf3 37. h5 b6 38. h6 gxh6 39.
b4 Kh7 40. Bc1 Rg6 41. Rf1 Qg4 42. Qe3 Rg7 43. Qxh6+ Kg8 44. Qc6 Qh3 45. Qxd5+ Kh7 46. Qxe4+ Kg8 47. Qd5+ Kh7 48. Rh1 1-0

[Event "Late-Titled-Tuesday-Blitz-February-20-2024"]
[Site "Chess.com"]
[Date "2024.02.20"]
[Round "11"]
[White "MKlose11"]
[Black "Zq1"]
[Result "0-1"]
[WhiteElo "2609"]
[BlackElo "2513"]
[TimeControl "180+1"]
[EndTime "16:05:45 PST"]
[Termination "Zq1 won by checkmate"]

1. e4 c5 2. Nc3 g6 3. g3 Bg7 4.
Bg2 Nc6 5. d3 Rb8 6. Be3 d6 7.
Qd2 b5 8. Nge2 b4 9. Nd1 h5 10.
h3 a5 11. O-O Ba6 12. f4 Qc7 13. Rb1 Nf6 14. b3 Rd8 15. Nf2 d5 16. exd5 Nxd5 17. Bxc5 O-O 18. Ne4 Bb7 19. Bf2 e6 20. Rfe1 Nde7 21.
Qe3 Nd4 22. Rbc1 Nef5 23. Qd2 Nxe2+ 24. Qxe2 Rc8 25. Ng5 Bxg2 26. Kxg2 Bb2 27. Rcd1 Bc3 28. Rf1 Bg7 29. Rd2 Bc3 30. Rdd1 Bg7 31. Rd2 Bc3 32. Rfd1 Bxd2 33. Rxd2 h4 34. g4 Qxf4 35. Ne4 Nd6 36. Nxd6 Qxd6 37. Bxh4 Qd5+ 38. Kh2 g5 39. Bg3 f5 40.
Be5 fxg4 41. hxg4 Rf7 42. d4 Rcf8 43. Kg3 Rh7 44. Qe3 Kf7 45. Rf2+ Ke8 46. Rxf8+ Kxf8 47.
Qf2+ Rf7 48. Qe3 Qh1 49. d5 Rf1 50. Qc5+ Kf7 51. dxe6+ Kg6 52. Bd4 Rf3# 0-1

[Event "Late-Titled-Tuesday-Blitz-February-20-2024"]
[Site "Chess.com"]
[Date "2024.02.20"]
[Round "11"]
[White "karinachess1"]
[Black "GiorgianBarbosa"]
[Result "0-1"]
[WhiteElo "2643"]
[BlackElo "2534"]
[TimeControl "180+1"]
[EndTime "16:05:48 PST"]
[Termination "GiorgianBarbosa won by resignation"]

1. d4 Nf6 2. c4 e6 3. Nc3 d5 4. cxd5 exd5 5. Bg5 Be7 6. e3 c6 7. Bd3 O-O 8. Qc2 Nbd7 9. Nf3 Re8 10. O-O h6 11.
Bh4 Ne4 12. Bxe7 Qxe7 13. a3 f5 14. b4 a6 15. Na4 Rf8 16. Nc5 Ndxc5 17. bxc5 f4 18.
Rae1 fxe3 19. Rxe3 Bf5 20. Ne5 Qg5 21. Qe2 Nc3 22. Qc2 Ne4 23. Nf3 Qh5 24. Rfe1 Rf6 25. Qe2 Bg4 26. Bxe4 dxe4 27. Rxe4 Bxf3 28. gxf3 Rxf3 29.
Re8+ Rxe8 30. Qxe8+ Qxe8 31. Rxe8+ Kh7 32. Rb8 Rxa3 33.
Rxb7 Rd3 34. Rb6 Rxd4 35. Rxa6 Rg4+ 36. Kf1 Rg6 37. Ke2 Re6+ 38. Kd3 g5 39. Ra7+ Kg6 40. Rc7 Kf5 41. Kd4 h5 42. Rf7+ Kg4 43. Kc4 Kh3 44. Rg7 g4 45. Rg5 h4 46. Rh5 Rf6 47. Kd4 Rxf2 48. Ke5 Rxh2 49. Kd6 Rc2 50. Kxc6 g3 51. Kd6 g2 52. Rg5 Kh2 53. c6 g1=Q 54. Rxg1 Kxg1 55. c7 h3 56. c8=Q Rxc8 0-1

[Event "Late-Titled-Tuesday-Blitz-February-20-2024"]
[Site "Chess.com"]
[Date "2024.02.20"]
[Round "11"]
[White "micke12a"]
[Black "Capablanca_Oujda_2021"]
[Result "0-1"]
[WhiteElo "2370"]
[BlackElo "2511"]
[TimeControl "180+1"]
[EndTime "16:05:49 PST"]
[Termination "Capablanca_Oujda_2021 won on time"]

1. d4 d5 2. Nc3 c6 3. Bf4 Nf6 4.
f3 Bf5 5. g4 Bg6 6. h4 h6 7. g5 Nh5 8. Bh2 e6 9. f4 Bd6 10. e3 Bb4 11. Bd3 Qa5 12. Ne2 Nd7 13.
a3 Bd6 14. Bxg6 fxg6 15. Qd3 Nf8 16. Kf2 Qc7 17. Kg2 a6 18. Rhf1 O-O-O 19. b4 hxg5 20. hxg5 Kb8 21. Na4 Nh7 22. Qxg6 N7f6 23. gxf6 gxf6 24.
Qd3 Rdg8+ 25. Kf3 e5 26. fxe5 fxe5 27. dxe5 Bxe5 28. Nf4 Nxf4 29. Bxf4 Rh3+ 30. Ke2 Bxf4 31. Rxf4 Rg2+ 32. Kd1 Rh1+ 33. Rf1 Qh2 34. Kc1 Rxf1+ 35. Qxf1 Rg1 36. Kb2 Rxf1 37. Rxf1 Qe5+ 38. c3 Qxe3 39. Rf8+ Ka7 40. Nc5 Qd2+ 41. Kb3 Qd1+ 42. Kb2 Qd2+ 43. Kb3 Qd1+ 44. Kb2 Qh5 45. Rd8 Kb6 46. Rd7 Kb5 47. Rxb7+ Kc4 48. Nxa6 Qe2+ 49. Kc1 Kxc3 0-1

[Event "Late-Titled-Tuesday-Blitz-February-20-2024"]
[Site "Chess.com"]
[Date "2024.02.20"]
[Round "11"]
[White "ritanovikova"]
[Black "davigator"]
[Result "0-1"]
[WhiteElo "2226"]
[BlackElo "2398"]
[TimeControl "180+1"]
[EndTime "16:05:49 PST"]
[Termination "davigator won on time"]

1. e4 c5 2. Nc3 Nc6 3. d3 g6 4. g3 Bg7 5. Be3 d6 6. Bg2 Nf6 7. h3 O-O 8. Qd2 Re8 9. Nge2 Rb8 10. O-O b5 11. f4 b4 12. Nd1 Nd7 13. g4 Bb7 14. f5 Nde5 15. Rb1 Qa5 16. a3 bxa3 17.
Qxa5 Nxa5 18. bxa3 Ba6 19. Ndc3 Nac6 20. Nd5 Rec8 21.
g5 e6 22. Rxb8 Rxb8 23. Nc7 Bc8 24. Ne8 Bf8 25. Nf6+ Kg7 26. fxe6 Bxe6 27. d4 cxd4 28. Nxd4 Nxd4 29. Bxd4 Rc8 30. c3 a5 31. Rb1 h6 32. h4 hxg5 33. hxg5 Be7 34. Rf1 Bc4 35.
Rf2 Rb8 36. Kh2 Rb3 37. a4 Ra3 38. Bxe5 dxe5 39. Nd7 Bxg5 40. Nxe5 Be6 41. c4 Rxa4 42.
c5 Be3 43. Rf1 Bxc5 44. Nd3 Bd6+ 45. Kg1 Bg3 46. Nf4 Bc4 47. Rf3 Bh4 48. Kh2 Bf6 49.
Nh3 Be5+ 50. Kg1 Ra1+ 51. Kf2 Ra2+ 52. Kg1 a4 53. Ng5 a3 54. Nxf7 Bxf7 55. Bf1 Ra1 56. Kg2 a2 57. Rf2 Re1 58. Rxf7+ Kxf7 59. Bc4+ Kf6 60. Bxa2 Re2+ 0-1

[Event "Late-Titled-Tuesday-Blitz-February-20-2024"]
[Site "Chess.com"]
[Date "2024.02.20"]
[Round "11"]
[White "DefiantChair"]
[Black "maroro07"]
[Result "1-0"]
[WhiteElo "2622"]
[BlackElo "2452"]
[TimeControl "180+1"]
[EndTime "16:05:50 PST"]
[Termination "DefiantChair won by resignation"]

1. e4 c5 2. Nf3 Nc6 3. d4 cxd4 4. Nxd4 e6 5. Nc3 Qc7 6. Be3 a5 7. Ndb5 Qd8 8. Bf4 e5 9. Nd5 Bb4+ 10. Bd2 Bxd2+ 11. Qxd2 Kf8 12. O-O-O Nf6 13. f3 d6 14.
Nxf6 Qxf6 15. Qxd6+ Qxd6 16. Nxd6 a4 17. a3 Ke7 18. Nc4 Be6 19. Nb6 Ra5 20. c3 f6 21.
Bc4 Rd8 22. Bxe6 Kxe6 23. Nd5 Rc8 24. Kb1 Rb5 25. Rd3 Na5 26. Nb4 Nc4 27. Rhd1 Rc7 28. Rd8 f5 29. exf5+ Kxf5 30. Re1 h5 31. Kc2 Rbc5 32.
Rf8+ Kg6 33. Rd8 Nxa3+ 34. bxa3 Rxc3+ 35. Kb2 Rb3+ 36. Ka2 Rcc3 37. Rd6+ Kg5 38. Rxe5+ Kf4 39. Re4+ Kf5 40. Rd5+ Kg6 41. Rd2 Rxa3+ 42. Kb1 Rab3+ 43.
Rb2 Ra3 44. Nd5 Rd3 45. Nf4+ Kf5 46. Nxd3 Rxd3 47. Rxa4 Rd1+ 48. Kc2 Rh1 49. h3 Rg1 50. Kd3 Kg6 51. Rb6+ Kh7 52. Ra2 Rxg2 53. Rxg2 Kh8 54. Rxb7 h4 55. Rg4 g5 56. Ra4 1-0

[Event "Late-Titled-Tuesday-Blitz-February-20-2024"]
[Site "Chess.com"]
[Date "2024.02.20"]
[Round "11"]
[White "gmtalentoso"]
[Black "IngOscarArdila"]
[Result "1/2-1/2"]
[WhiteElo "2447"]
[BlackElo "2279"]
[TimeControl "180+1"]
[EndTime "16:05:50 PST"]
[Termination "Game drawn by stalemate"]

1. e4 e5 2. Nf3 Nf6 3. Nxe5 d6 4. Nf3 Nxe4 5. Nc3 Nxc3 6. dxc3 Be7 7. Bd3 O-O 8. Be3 Nd7 9. Qd2 Nf6 10. O-O-O c5 11. h4 b5 12. h5 Qa5 13. Kb1 Be6 14. b3 Nd5 15. Bxh7+ Kxh7 16. Qd3+ Kg8 17. Bd2 c4 18. Qe4 Nxc3+ 19. Bxc3 Qxc3 20. h6 Bf6 21. Nd4 Bxd4 22. Rxd4 cxb3 23. axb3 Bxb3 24.
hxg7 Bxc2+ 25. Qxc2 Qxc2+ 26. Kxc2 Kxg7 27. Rg4+ Kf6 28. Rh6+ Ke7 29. Re4+ Kd7 30. Rd4 f6 31. Rh7+ Kc6 32. g4 Rae8 33. f4 Re2+ 34. Kd3 Rfe8 35. Rh3 Kc5 36. Rh5+ Kc6 37. Rh3 a5 38. g5 fxg5 39.
fxg5 Rg2 40. Rh6 Rd8 41. g6 Rg3+ 42. Kc2 Kc5 43. Rf4 b4 44. Rf5+ d5 45. Rf7 Rg8 46.
Rc7+ Kb6 47. Rd7 R8xg6 48. Rxg6+ Rxg6 49. Rxd5 Rg3 50. Kb2 a4 51. Rh5 Rg2+ 52. Kb1 Rd2 53. Rg5 b3 54. Kc1 Rc2+ 55. Kb1 Rc5 56. Rg4 Kb5 57. Kb2 Rc2+ 58. Kb1 a3 59. Rg3 Kb4 60. Rg4+ Rc4 61. Rg3 b2 62. Rxa3 Kxa3 1/2-1/2

[Event "Late-Titled-Tuesday-Blitz-February-20-2024"]
[Site "Chess.com"]
[Date "2024.02.20"]
[Round "11"]
[White "Atousa"]
[Black "FredddieCroderg"]
[Result "1/2-1/2"]
[WhiteElo "2454"]
[BlackElo "2237"]
[TimeControl "180+1"]
[EndTime "16:05:52 PST"]
[Termination "Game drawn - insufficient material"]

1. e4 c6 2. d4 d5 3. exd5 cxd5 4. Bd3 Nc6 5. c3 Qc7 6. Ne2 Bg4 7. f3 Bd7 8. Bf4 e5 9. dxe5 Nxe5 10. O-O Bd6 11. Kh1 Nf6 12. Bxe5 Bxe5 13. f4 Bd6 14. Nd2 O-O-O 15.
Nb3 Rde8 16. Nbd4 Ne4 17. Nb5 Bxb5 18. Bxb5 Re6 19. Qxd5 a6 20. Bxa6 bxa6 21. Qa8+ Qb8 22. Qxa6+ Qb7 23. Qc4+ Qc7 24. Qd5 Nf6 25. Qf3 Rhe8 26.
Nd4 Re3 27. Qa8+ Qb8 28. Qc6+ Qc7 29. Qa4 Bc5 30. Nc6 Kb7 31. Ne5 R8xe5 32. fxe5 Qxe5 33. Rad1 h5 34. Qb3+ Kc8 35. Qxf7 Ng4 36. Qf4 Qxf4 37. Rxf4 Re2 38. Rc4 Nf2+ 39. Kg1 Nxd1+ 40. Rxc5+ Kb7 41. g3 Rxb2 42. Rxh5 Rxa2 43. Rg5 Nxc3 44. Rxg7+ Kc6 45. h4 Kd6 46. h5 Ne4 47. h6 Nf6 48. h7 Nxh7 49.
Rxh7 Ke6 50. Rh4 Kf6 51. Rf4+ Kg5 52. Re4 Kf5 53. Rb4 Kg5 54. Kf1 Kf5 55. Rf4+ Kg5 56. Kg1 Kg6 57. g4 Kg5 58. Rc4 Kg6 59. Kf1 Kg5 60.
Ke1 Rg2 61. Kf1 Rxg4 62. Rxg4+ Kxg4 1/2-1/2

[Event "Late-Titled-Tuesday-Blitz-February-20-2024"]
[Site "Chess.com"]
[Date "2024.02.20"]
[Round "11"]
[White "AlexTruskavetsky"]
[Black "dretch"]
[Result "0-1"]
[WhiteElo "2733"]
[BlackElo "2878"]
[TimeControl "180+1"]
[EndTime "16:05:53 PST"]
[Termination "dretch won by checkmate"]

1. d4 d5 2. c4 c6 3. Nf3 Nf6 4.
e3 Bf5 5. Bd3 Bxd3 6. Qxd3 e6 7.
O-O Nbd7 8. b3 Bd6 9. Bb2 Qb8 10. Nbd2 O-O 11. e4 dxe4 12. Nxe4 Nxe4 13. Qxe4 Rd8 14.
Rad1 Qc7 15. h3 a5 16. a3 Nf6 17. Qc2 Be7 18. Rfe1 c5 19. dxc5 Bxc5 20. Ng5 Rxd1 21. Rxd1 h6 22. Bxf6 hxg5 23. Bxg5 Bxa3 24. h4 Bc5 25. Rd3 Qe5 26. g3 Qf5 27. Qe2 Bxf2+ 28. Kg2 Bc5 29. g4 Qg6 30. Bd2 Qf6 31. g5 Qf5 32.
Qf3 Qxf3+ 33. Kxf3 a4 34. bxa4 Rxa4 35. Rd8+ Kh7 36.
Rd7 Rxc4 37. h5 Rd4 38. Rxd4 Bxd4 39. Ke4 Bb2 40. Kd3 g6 41. h6 f6 42. Ke4 fxg5 43. Bxg5 Ba1 44. Bd2 Bf6 45. Kd3 g5 46. Kc4 Kxh6 47. Kb5 Bd8 48. Kc4 Bc7 49. Kd4 Kg6 50.
Ke4 g4 51. Bc3 Kg5 52. Be1 g3 53. Kf3 Kh4 54. Kg2 Kg4 55. Bb4 b5 56. Ba3 Bf4 57. Bb4 e5 58. Ba3 e4 59. Bb4 e3 60. Bc5 e2 61. Bb4 Be5 62. Kh1 Kf3 63. Kg1 Bd4+ 64. Kh1 g2+ 65. Kh2 g1=Q+ 66. Kh3 Qh1# 0-1

[Event "Late-Titled-Tuesday-Blitz-February-20-2024"]
[Site "Chess.com"]
[Date "2024.02.20"]
[Round "11"]
[White "pr1105"]
[Black "TemploVillamarin"]
[Result "1-0"]
[WhiteElo "2324"]
[BlackElo "2167"]
[TimeControl "180+1"]
[EndTime "16:05:56 PST"]
[Termination "pr1105 won by checkmate"]

1. e4 d5 2. exd5 Qxd5 3. Nc3 Qa5 4. d4 Nf6 5. Nf3 Nc6 6. d5 Nb4 7.
Bb5+ Bd7 8. Bxd7+ Nxd7 9. O-O Nf6 10. Ne5 Nbxd5 11. Bd2 e6 12. Qe2 Bd6 13. Nb5 Qb6 14. c4 Ne7 15. Bg5 Ng6 16. Nd3 O-O 17. Bxf6 gxf6 18.
g3 a6 19. Nxd6 Qxd6 20. Rad1 Rad8 21. Qf3 Qe7 22. Qxb7 Rb8 23. Qxa6 Ne5 24. Nxe5 fxe5 25. b3 Ra8 26. Qc6 Rxa2 27. Rd7 Qf6 28. Rxc7 Rb2 29. Qb7 Rd8 30. Rc8 Kg7 31. Rxd8 Qxd8 32. c5 Rc2 33. b4 Qd4 34. c6 Rc4 35. b5 Rb4 36. c7 Rc4 37. b6 e4 38. c8=Q Rxc8 39. Qxc8 Qxb6 40. Qc3+ f6 41. Qe3 Qc6 42. Re1 f5 43. Qd4+ Kg6 44.
Rd1 e3 45. Qxe3 Qc2 46. Re1 Kh5 47. Qxe6 h6 48. Qe3 Kg6 49. Kg2 f4 50. Qxf4 h5 51.
Re6+ Kh7 52. Qf7+ Kh8 53. Re8# 1-0

[Event "Late-Titled-Tuesday-Blitz-February-20-2024"]
[Site "Chess.com"]
[Date "2024.02.20"]
[Round "11"]
[White "Zkid"]
[Black "KaydenTroffChess"]
[Result "1-0"]
[WhiteElo "2935"]
[BlackElo "2814"]
[TimeControl "180+1"]
[EndTime "16:05:57 PST"]
[Termination "Zkid won by checkmate"]

1. e4 c5 2. Nf3 g6 3. d4 cxd4 4.
Nxd4 Bg7 5. c4 Qb6 6. Nb3 a5 7. Be3 Qb4+ 8. Bd2 Qd6 9. Bc3 Qxd1+ 10. Kxd1 Nf6 11. f3 Nc6 12. Nd4 Nxe4 13. fxe4 Nxd4 14. Nd2 O-O 15. Nf3 Nxf3 16. Bxg7 Kxg7 17. gxf3 d6 18.
Kc2 Be6 19. b3 a4 20. Be2 Rfc8 21. Kb2 a3+ 22. Kc3 b5 23. Rab1 bxc4 24. bxc4 d5 25. exd5 Bxd5 26. Rhd1 Be6 27. Rb5 Ra7 28. Kb4 Bd7 29.
Rb6 Be8 30. Kc3 Ra5 31. Rd4 Rh5 32. h4 e5 33. Rd5 Rxh4 34. Rxe5 Rh3 35. Kb4 h5 36. c5 Rh4+ 37. Kxa3 Rf4 38. Rb4 Rf6 39.
Kb3 Bc6 40. f4 h4 41. Bg4 Rd8 42. Kc3 Ra8 43. Kb3 Rd8 44. Kc3 Bg2 45. Re3 Rd5 46. Re5 Rxe5 47. fxe5 Rf1 48. e6 fxe6 49. Bxe6 h3 50. Rh4 Rf3+ 51. Kd4 g5 52. Rh5 Rf4+ 53. Ke5 Kg6 54. Rh8 Rh4 55. Rg8+ Kh6 56. Kf6 Rf4+ 57. Bf5 Rxf5+ 58. Kxf5 Kh5 59. Rh8# 1-0

[Event "Late-Titled-Tuesday-Blitz-February-20-2024"]
[Site "Chess.com"]
[Date "2024.02.20"]
[Round "11"]
[White "Bilan_Danila"]
[Black "mjelcic"]
[Result "0-1"]
[WhiteElo "2456"]
[BlackElo "2268"]
[TimeControl "180+1"]
[EndTime "16:05:57 PST"]
[Termination "mjelcic won by resignation"]

1. d4 b6 2. Nf3 Bb7 3. g3 e6 4.
Bg2 c5 5. O-O d5 6. c4 Nd7 7.
cxd5 exd5 8. Nc3 Ngf6 9. Ne5 Be7 10. Qa4 O-O 11. Nc6 Bxc6 12. Qxc6 cxd4 13. Nxd5 Nxd5 14.
Qxd5 Rc8 15. Qxd4 Bf6 16. Qa4 Re8 17. Rd1 Rc7 18. Bf4 Be5 19. Bxe5 Rxe5 20. Rd2 b5 21. Qf4 Qe7 22. Rad1 Nf8 23. e3 Rec5 24. h4 Ne6 25. Qe4 g6 26. h5 Kg7 27. hxg6 hxg6 28. Rd5 Rc1 29. Qe5+ Kg8 30. Bh3 R7c5 31. Rxc1 Rxc1+ 32. Kh2 Rc2 33. Kg1 Qb4 34. Qf6 Rc1+ 35. Kg2 Qe4+ 36.
Qf3 Rg1+ 37. Kxg1 Qxf3 38. Bg2 Qg4 39. Rxb5 Qd1+ 40. Bf1 Qd7 41. Kg2 Kg7 42. Rb3 Qc6+ 43.
Kg1 Qc1 44. Rb7 a5 45. b3 Qd2 46.
Bc4 Ng5 47. Kg2 Qd1 48. Rb5 Qf3+ 49. Kf1 Ne4 50. Ke1 Qxf2+ 0-1

[Event "Late-Titled-Tuesday-Blitz-February-20-2024"]
[Site "Chess.com"]
[Date "2024.02.20"]
[Round "11"]
[White "K_A_S_T_O_R"]
[Black "Sargsyan_Shant"]
[Result "1/2-1/2"]
[WhiteElo "2796"]
[BlackElo "2907"]
[TimeControl "180+1"]
[EndTime "16:05:58 PST"]
[Termination "Game drawn by stalemate"]

1. e4 g6 2. d4 Nf6 3. e5 Nh5 4. Nf3 d6 5. Be2 Bg7 6. O-O dxe5 7. Nxe5 Bxe5 8. dxe5 Qxd1 9. Rxd1 Nc6 10. f4 Ng7 11.
Na3 a6 12. Be3 h5 13. Rd2 Bg4 14. Bf1 h4 15. Kf2 h3 16. g3 Nf5 17. Be2 Bxe2 18. Kxe2 Rd8 19. Rxd8+ Kxd8 20. Rd1+ Kc8 21. Bf2 f6 22.
exf6 exf6 23. c3 Nd6 24. Kf3 f5 25. Nb1 Ne4 26. Nd2 Rd8 27. Ke2 Rxd2+ 28. Rxd2 Nxd2 29.
Kxd2 Ne7 30. Ke2 Ng8 31. Kd3 Nf6 32. Kd4 Kd7 33. Bg1 Kd6 34. c4 Ng4 35. b4 b6 36.
b5 axb5 37. cxb5 Ke6 38. a4 Nf6 39. Bf2 Ne4 40. Be1 Nf6 41. Bf2 Kd6 42. Bg1 Ng4 43. Kc4 c6 44. bxc6 Kxc6 45. Kb4 Nf6 46. Kc4 Ne4 47. Kd3 Kb7 48. g4 Kc6 49. gxf5 gxf5 50. Kd4 Nd2 51. Ke3 Nc4+ 52. Kd4 Nd2 53. Ke3 Nb3 54. Kf3 Nc5 55. Kg3 Nxa4 56. Kxh3 Kd5 57. Kh4 b5 58. Kg5 b4 59. Be3 b3 60. Bc1 Ke6 61. h4 b2 62. Bxb2 Nxb2 63. h5 Nc4 64.
h6 Nd6 65. Kg6 Nf7 66. h7 Nh8+ 67. Kg7 Ke7 68. Kxh8 Kf7 1/2-1/2

[Event "Late-Titled-Tuesday-Blitz-February-20-2024"]
[Site "Chess.com"]
[Date "2024.02.20"]
[Round "11"]
[White "AndresDelgado77"]
[Black "Jaka_Brilej"]
[Result "0-1"]
[WhiteElo "2278"]
[BlackElo "2486"]
[TimeControl "180+1"]
[EndTime "16:05:59 PST"]
[Termination "Jaka_Brilej won on time"]

1. e4 c6 2. Nc3 d5 3. Qf3 d4 4.
Bc4 e6 5. Nce2 c5 6. d3 Nc6 7.
Qg3 Nge7 8. f4 a6 9. a3 g6 10.
h4 h5 11. Nh3 b5 12. Ba2 Bg7 13. O-O O-O 14. Ng5 Qb6 15. Kh1 Bd7 16. f5 exf5 17. Nf4 Ne5 18. Nd5 Nxd5 19. Bxd5 Ng4 20. exf5 Bxf5 21.
Rxf5 gxf5 22. Bxa8 Rxa8 23. Bf4 Re8 24. Rf1 Qd8 25.
Bd2 Ne3 26. Bxe3 dxe3 27. Qf3 e2 28. Re1 Qe7 29. Qxh5 Qf6 30. c3 Re7 31. Rxe2 Rxe2 32. Qxe2 Bh6 33. Qe8+ Kg7 34. Nf3 Bc1 35. b4 Bxa3 36.
bxc5 Bxc5 37. d4 Be7 38. Qc8 b4 39. cxb4 Bxb4 40. Qc4 a5 41. Qb3 Qe6 42. Qb2 Qf6 43.
Ne5 Bd6 44. Nf3 Bb4 45. Kg1 Bd6 46. Kf1 Bb4 47. Ke2 Qa6+ 48. Kf2 Qf6 49. Ke3 f4+ 50.
Ke2 Qe6+ 51. Kf1 Qa6+ 0-1

[Event "Late-Titled-Tuesday-Blitz-February-20-2024"]
[Site "Chess.com"]
[Date "2024.02.20"]
[Round "11"]
[White "zverr1"]
[Black "vovachesss"]
[Result "1/2-1/2"]
[WhiteElo "2594"]
[BlackElo "2782"]
[TimeControl "180+1"]
[EndTime "16:06:02 PST"]
[Termination "Game drawn by repetition"]

1. e4 Nf6 2. Nc3 d5 3. exd5 Nxd5 4. Nxd5 Qxd5 5. Qf3 c6 6. Qxd5 cxd5 7. d4 Nc6 8.
c3 Bf5 9. Bf4 e6 10. Kd2 O-O-O 11. Nf3 Bd6 12. Bxd6 Rxd6 13. Bd3 Bxd3 14. Kxd3 f6 15.
Rhe1 Re8 16. Kc2 e5 17. dxe5 fxe5 18. Re2 e4 19. Nd4 Nxd4+ 20. cxd4 Kd7 21. Kd2 Rb6 22. b3 Rc8 23. Rc1 Rb4 24. Rxc8 Kxc8 25. Kc3 Rb6 26. f3 exf3 27. gxf3 Kd7 28. Re5 Rf6 29.
Rxd5+ Kc6 30. Kc4 Rxf3 31. Re5 Rh3 32. Re6+ Kd7 33. Re2 Kd6 34. a4 g5 35. Rf2 g4 36.
Rf6+ Ke7 37. Rf2 h5 38. d5 Kd6 39. Rf6+ Kd7 40. Rf7+ Kd6 41. Rf6+ Ke7 42. Rf2 h4 43. b4 g3 44. hxg3 Rxg3 45. Rf4 h3 46. Rh4 Kf6 47. d6 Ke6 48. Rh6+ Kd7 49. Kd5 Rg5+ 50. Kd4 Rg4+ 51. Kc5 b6+ 52. Kb5 Rd4 53. Rxh3 Kxd6 54. Rh6+ Kc7 55.
Rh7+ Kb8 56. Kc6 Rc4+ 57. Kb5 Rf4 58. Kc6 Rc4+ 59. Kb5 Rf4 60. Kc6 Rc4+ 1/2-1/2

[Event "Late-Titled-Tuesday-Blitz-February-20-2024"]
[Site "Chess.com"]
[Date "2024.02.20"]
[Round "11"]
[White "Rashad_Zeynalli"]
[Black "scandalgod"]
[Result "1-0"]
[WhiteElo "2654"]
[BlackElo "2505"]
[TimeControl "180+1"]
[EndTime "16:06:02 PST"]
[Termination "Rashad_Zeynalli won by resignation"]

1. e4 e5 2. Nf3 Nc6 3. Bb5 a6 4. Ba4 d6 5. O-O Bg4 6. h3 h5 7. Bxc6+ bxc6 8. d3 Qf6 9. Nbd2 g5 10. c4 Bd7 11.
Nh2 g4 12. Kh1 gxh3 13. g3 Be7 14. Nb3 Qg6 15. Rg1 Nh6 16. f3 f5 17. Qe2 a5 18.
a4 c5 19. Nd2 Nf7 20. Ndf1 Bc6 21. Ne3 Nh6 22. Bd2 Rf8 23. Raf1 Kd7 24. b3 Rf7 25. Nd1 Raf8 26. Bxh6 Qxh6 27. Ne3 Qg6 28. Nxf5 Rxf5 29. exf5 Rxf5 30. Qe1 Rg5 31. Qxa5 Qxd3 32. b4 cxb4 33.
Qxb4 Rf5 34. Qb1 Rxf3 35. Nxf3 Bxf3+ 36. Rxf3 Qxf3+ 37. Kh2 Qf2+ 38. Kxh3 Qf3 39. Rf1 Qg4+ 40. Kg2 Qxc4 41. Qf5+ Kc6 42. Qf3+ Kd7 43. Qf5+ Kc6 44. a5 Qd5+ 45. Qf3 Qxf3+ 46. Kxf3 Kb5 47. Rh1 Kxa5 48. Rxh5 c5 49. Ke4 c4 50. Kd5 c3 51.
Rh7 Kb4 52. Rxe7 c2 53. Rc7 Kb3 54. g4 Kb2 55. g5 c1=Q 56. Rxc1 Kxc1 57. g6 Kd2 58. g7 Kd3 59. g8=Q e4 60. Qg6 1-0